 Dungeon Crawl Stone Soup version 0.24.0-123-gd5b16e6ec5 (webtiles) character file.

Game seed: 10721932134721668088, levelgen mode: deterministic

11 hazymike the Sneak (level 2, -1/13 HPs)
             Began as a Spriggan Enchanter on Feb 7, 2020.
             Slain by a leopard gecko (4 damage)
             ... on level 2 of the Dungeon.
             The game lasted 00:09:38 (1595 turns).

hazymike the Sneak (Spriggan Enchanter)             Turns: 1595, Time: 00:09:39

Health: -1/13      AC:  2    Str:  4    XL:     2   Next: 17%
Magic:  1/6        EV: 18    Int: 16    God:
Gold:   63         SH:  0    Dex: 16    Spells: 3/6 levels left

rFire    . . .     SeeInvis +   a - +1 dagger
rCold    . . .     Gourm    .   (shield restricted)
rNeg     . . .     Faith    .   b - +0 robe
rPois    .         Spirit   .   (helmet restricted)
rElec    .         Reflect  .   (no cloak)
rCorr    .         Harm     .   (gloves unavailable)
MR       .....                  (boots unavailable)
Stlth    +++.......             (no amulet)
HPRegen  0.04/turn              (no ring)
MPRegen  0.10/turn              (no ring)

@: very quick
A: very small, unfitting armour, see invisible, herbivore, speed 3, slow
metabolism 2
a: no special abilities


You were on level 2 of the Dungeon.
You were not hungry.

You visited 1 branch of the dungeon, and saw 2 of its levels.

You collected 63 gold pieces.

Inventory:

Hand Weapons
 a - a +1 dagger (weapon)
Missiles
 i - 15 poisoned darts (quivered)
Armour
 b - a +0 robe (worn)
Jewellery
 f - an uncursed ring of wizardry {unknown}
 h - a +5 ring of dexterity {unknown}
 k - an uncursed ring of resist corrosion {unknown}
Scrolls
 c - 4 scrolls of identify {unknown}
 g - a scroll of teleportation {unknown}
 j - a scroll of remove curse {unknown}
Potions
 e - a potion of agility {unknown}
 l - a potion of curing {unknown}
 m - a potion of brilliance {unknown}
Comestibles
 d - 3 rations


   Skills:
 + Level 0.2 Fighting
 * Level 1.4 Short Blades
 + Level 0.1 Throwing
 + Level 3.2 Dodging
 + Level 4.5 Stealth
 + Level 2.9 Spellcasting
 + Level 3.8 Hexes
 + Level 0.0 Ice Magic


You had 3 spell levels left.
You knew the following spells:

 Your Spells              Type           Power        Failure   Level  Hunger
a - Corona                Hex            ##.....      4%          1    #......
b - Ensorcelled Hibernat  Hex/Ice        #.....       13%         2    ##.....

Your spell library contained the following spells:

 Spells                   Type           Power        Failure   Level  Hunger
 Confuse                  Hex            ##......     12%         3    ###....
 Tukima's Dance           Hex            ##......     12%         3    ###....
 Dazzling Spray           Conj/Hex       #.....       26%         3    ###....


Dungeon Overview and Level Annotations

Branches:
Dungeon (2/15)

Altars:

Annotations:
D:2 exclusion: goblin


Innate Abilities, Weirdness & Mutations

You are very small and have problems with some larger weapons.
You are too small for most types of armour.
You have supernaturally acute eyesight. (SInv)
You are a herbivore.
You cover ground extremely quickly.
You need to consume almost no food.


Message History

Aim: a leopard gecko (softly glowing, clinging, chance to defeat MR: 57%)
The leopard gecko resists with significant effort.
The leopard gecko closely misses you.
You hit the leopard gecko.
The leopard gecko is heavily wounded.
The leopard gecko bites you.
You barely miss the leopard gecko.
The leopard gecko is heavily wounded.
The leopard gecko bites you.
* * * LOW HITPOINT WARNING * * *
You barely miss the leopard gecko.
The leopard gecko is heavily wounded.
The leopard gecko closely misses you.
You hit the leopard gecko but do no damage.
The leopard gecko is heavily wounded.
The leopard gecko completely misses you.
You barely miss the leopard gecko.
The leopard gecko is heavily wounded.
The leopard gecko stops glowing.
The leopard gecko bites you.
You die...

.#.#...........<.....##.####
...?........######.........#
g.....####..###########.##.#
##.#. #..............##.# #
#..##############.# #..# #.#
#..# #.# #(.##### #.#
#.)..@.# #.#### #.####l#
#..... #.# .# #####. #.# .#
#. #.# .# #### #. #.# .#
.....######) #. ..
..........). .# #...<....
#########


You could see a leopard gecko.

Vanquished Creatures
  A goblin (D:2)
  3 hobgoblins
  3 kobolds
  2 bats (D:1)
  A frilled lizard (D:1)
  A rat (D:1)
11 creatures vanquished.

Notes
Turn   | Place    | Note
-------+----------+-------------------------------------------
     0 | D:1      | hazymike the Spriggan Enchanter began the quest for the
                  | Orb.
     0 | D:1      | Reached XP level 1. HP: 9/9 MP: 5/5
  1338 | D:2      | Reached XP level 2. HP: 13/13 MP: 6/6
  1342 | D:2      | Learned a level 2 spell: Ensorcelled Hibernation
  1595 | D:2      | Slain by a leopard gecko

Levels and vault maps discovered:
D:1:      tarquinn_simple_flora_water_e, layout_loops_ring,
          minmay_misc_feat_encased
D:2:      layout_loops_ring, minivault_24, grunt_decor_cap

Action                   || total
-------------------------++-------
Melee: Dagger            ||    48
Throw: Dart              ||     4
 Cast: Corona            ||    10
       Ensorcelled Hiber ||     2
 Stab: Sleeping          ||     3
Armor: Robe              ||     4
Dodge: Dodged            ||    25
